 Dungeon Crawl Stone Soup version 0.31.0 (webtiles) character file.

Game seed: 14558236685157857848

1145 qw the Skirmisher (level 8, -2/48 HPs)
             Began as a Gargoyle Hunter on Jan 19, 2024.
             Was a Follower of Okawaru.
             Slain by a gnoll sergeant
             ... wielding a +0 trident
              (10 damage)
             ... on level 5 of the Dungeon.
             The game lasted 00:00:27 (2865 turns).

qw the Skirmisher (Gargoyle Hunter)                 Turns: 2865, Time: 00:00:28

Health: -2/48      AC: 14    Str: 15    XL:     8   Next: 37%
Magic:  10/10      EV: 17    Int: 10    God:    Okawaru [*.....]
Gold:   102        SH:  0    Dex: 15    Spells: 7/7 levels left

rFire   + . .        a - +0 shortbow
rCold   . . .        (shield currently unavailable)
rNeg    + . .        e - +0 troll leather armour
rPois   inf          k - +2 hat
rElec   +            q - +0 cloak
rCorr   .            (no gloves)
SInv    .            g - +2 pair of boots
Will    .....        (no amulet)
Stlth   ++           d - ring of protection from fire
HPRegen 1.08/turn    h - +5 ring of evasion
MPRegen 0.12/turn

%: no passive effects
@: no status effects
A: sickness immunity, AC +5, negative energy resistance 1, electricity
resistance, torment resistance 1, petrification resistance
a: Renounce Religion, Heroism


You were on level 5 of the Dungeon.
You worshipped Okawaru.
Okawaru was aware of your devotion.
You visited 1 branch of the dungeon, and saw 5 of its levels.

You collected 258 gold pieces.
You spent 156 gold pieces at shops.


Innate Abilities, Weirdness & Mutations

You are immune to sickness and miasma.
Your stone body is resilient. (AC +5)
You are immune to poison.
You resist negative energy. (rN+)
You are resistant to electric shocks. (rElec)
You are resistant to unholy torment.
You are immune to petrification.


   Skills:
 + Level 4.6 Fighting
 - Level 8.1 Ranged Weapons
 - Level 1.4 Armour
 - Level 3.3 Dodging
 - Level 1.1 Stealth
 + Level 3.9 Invocations


You had 7 spell levels left.
You didn't know any spells.
Your spell library was empty.

Inventory:

Hand Weapons
 a - a +0 shortbow (weapon)
Armour
 e - a +0 troll leather armour (worn)
 g - a +2 pair of boots (worn)
 k - a +2 hat (worn)
 q - a +0 cloak (worn)
Jewellery
 d - a ring of protection from fire (left hand)
 h - a +5 ring of evasion (right hand)
Wands
 b - a wand of mindburst (3)
 c - a wand of polymorph (13)
 p - a wand of roots (4)
Potions
 f - a potion of might
 i - a potion of magic
 j - a potion of mutation
 n - a potion of ambrosia {unknown}

Dungeon Overview and Level Annotations

Branches:
Dungeon (5/15)
 Temple: D:4-7

Altars:
Fedhas
Okawaru
Ru
Wu Jian

Shops:
D:4 *


Message History

The wight hits you but does no damage.
The gnoll sergeant completely misses you.
You shoot an arrow. The arrow hits the wight.
The wight is almost destroyed.
The wight misses you.
The gnoll sergeant completely misses you.
You shoot an arrow.
The arrow hits the wight but does no damage.
The wight is almost destroyed.
The wight misses you.
The gnoll sergeant hits you from afar with a +0 trident.
You shoot an arrow. The arrow closely misses the wight.
The wight barely misses you. The gnoll sergeant barely misses you.
You shoot an arrow.
The arrow hits the wight but does no damage.
The wight is almost destroyed.
The wight barely misses you.
The gnoll sergeant hits you from afar with a +0 trident.
You shoot an arrow.
The arrow hits the wight but does no damage.
The wight is almost destroyed.
The wight misses you.
The gnoll sergeant hits you from afar with a +0 trident.
You shoot an arrow. The arrow hits the wight.
The wight is almost destroyed.
The wight barely misses you.
The gnoll sergeant hits you from afar with a +0 trident.
You shoot an arrow.
The arrow hits the wight but does no damage.
The wight is almost destroyed.
The wight barely misses you. The gnoll sergeant closely misses you.
You shoot an arrow. The wight blocks the arrow.
The wight misses you. The gnoll sergeant barely misses you.
You shoot an arrow. The wight blocks the arrow.
The wight hits you with a +0 long sword.
The gnoll sergeant completely misses you.
You shoot an arrow. The wight blocks the arrow.
The wight barely misses you.
The gnoll sergeant hits you from afar with a +0 trident!
You die...

#...#########.. #..
#.............. #..
#............. #..
#..........# #..
#...##.....# #####
#..
###+##.....##.....
#.. #............
#.. #.....z......
#.. #..##@#######
#.. #+###)###.##..
###
...#...))g....... #
........)........##
#
###...#...#####..#)
# #.#####.###....##
. # #....'...o..
#....#o..... #....#
.....


You could see a gnoll sergeant and a wight.

Vanquished Creatures
  Grinder (D:5)
  Sigmund (D:5)
  An orc warrior (D:5)
  An ogre (D:5)
  A kobold brigand (D:4)
  2 scorpions (D:4)
  A wight (D:5)
  A hound (D:4)
  2 jellies
  2 orc priests
  An iguana (D:4)
  2 orc wizards
  A gnoll (D:3)
  7 adders
  2 ribbon worms
  4 dart slugs
  12 orcs
  3 ball pythons
  3 endoplasms
  A giant cockroach (D:1)
  5 goblins
  6 hobgoblins
  5 quokkas
  4 bats
  3 frilled lizards
  8 kobolds
  2 rats
82 creatures vanquished.

Notes
Turn   | Place    | Note
-------+----------+-------------------------------------------
     0 | D:1      | qw the Gargoyle Hunter began the quest for the Orb.
     0 | D:1      | Reached XP level 1. HP: 12/12 MP: 1/1
     0 | D:1      | 0 ||| qw: Version: 0.3-a-132-g3d54051
     0 | D:1      | 0 ||| qw: Game counter: 133
     0 | D:1      | 0 ||| qw: Melee chars always use a shield: true
     0 | D:1      | 0 ||| qw: God list: Okawaru
     0 | D:1      | 0 ||| qw: Allow faded altars: false
     0 | D:1      | 0 ||| qw: Do Orc after clearing Dungeon:15 true
     0 | D:1      | 0 ||| qw: Do second Lair branch before Depths: true
     0 | D:1      | 0 ||| qw: Lair rune preference: random
     0 | D:1      | 0 ||| qw: Goals: Normal
     0 | D:1      | 0 ||| PLANNING D:1-11
   102 | D:1      | Reached XP level 2. HP: 17/17 MP: 2/2
   209 | D:1      | Found a faded altar of an unknown god.
   428 | D:1      | 428 ||| UPGRADING to +0 troll leather armour.
   438 | D:1      | 438 ||| DROPPING +0 leather armour.
   439 | D:1      | 439 ||| UPGRADING to +0 pair of boots.
   444 | D:1      | 444 ||| UPGRADING to +2 pair of boots.
   454 | D:1      | 454 ||| DROPPING +0 pair of boots.
   455 | D:1      | 455 ||| UPGRADING to +1 hat.
   460 | D:1      | 460 ||| UPGRADING to ring of protection from fire.
   461 | D:1      | 461 ||| UPGRADING to +5 ring of evasion.
   462 | D:1      | 462 ||| READING scroll labelled EPIMYPSEHUD.
   463 | D:1      | 463 ||| DROPPING scroll of butterflies.
   617 | D:2      | Reached XP level 3. HP: 21/21 MP: 3/3
   633 | D:2      | Reached skill level 5 in Ranged Weapons
   948 | D:2      | 948 ||| READING scroll labelled NOITAUVUSI.
   949 | D:2      | 949 ||| READING 2 scrolls labelled LAR YVENTAXZYM.
   949 | D:2      | 949 ||| IDENTIFYING viscous purple potion
   950 | D:2      | 950 ||| READING scroll of identify.
   950 | D:2      | 950 ||| IDENTIFYING sedimented golden potion
   952 | D:2      | 952 ||| READING scroll labelled YVIORISEBB.
   953 | D:2      | 953 ||| FLEEEEING.
  1026 | D:2      | 1026 ||| READING scroll labelled CUIFAI KOUNI.
  1080 | D:3      | Found an ornate altar of the Wu Jian Council.
  1129 | D:3      | Reached skill level 3 in Fighting
  1134 | D:3      | Reached XP level 4. HP: 28/28 MP: 4/4
  1216 | D:3      | Found an iron altar of Okawaru.
  1217 | D:3      | 1217 ||| PLANNING OKAWARU WORSHIP
  1225 | D:3      | Became a worshipper of Warmaster Okawaru
  1226 | D:3      | 1226 ||| PLANNING D:1-11
  1244 | D:3      | 1244 ||| FLEEEEING.
  1245 | D:3      | 1245 ||| FLEEEEING.
  1252 | D:3      | Reached skill level 6 in Ranged Weapons
  1252 | D:3      | Reached XP level 5. HP: 26/32 MP: 5/5
  1257 | D:3      | HP: 3/32 [orc priest/divine providence (13)]
  1258 | D:3      | 1258 ||| READING scroll of teleportation.
  1261 | D:3      | Reached skill level 1 in Armour
  1264 | D:3      | 1264 ||| FLEEEEING.
  1268 | D:3      | 1268 ||| FLEEEEING.
  1269 | D:3      | 1269 ||| FLEEEEING.
  1270 | D:3      | 1270 ||| FLEEEEING.
  1271 | D:3      | 1271 ||| FLEEEEING.
  1272 | D:3      | 1272 ||| FLEEEEING.
  1273 | D:3      | 1273 ||| FLEEEEING.
  1274 | D:3      | 1274 ||| FLEEEEING.
  1275 | D:3      | 1275 ||| FLEEEEING.
  1276 | D:3      | 1276 ||| FLEEEEING.
  1277 | D:3      | 1277 ||| FLEEEEING.
  1278 | D:3      | 1278 ||| STAIRDANCE
  1607 | D:3      | 1607 ||| DRINKING 2 clear potions.
  1608 | D:3      | 1608 ||| DROPPING potion of degeneration.
  1693 | D:4      | Found Sooxt's Assorted Antiques.
  1707 | D:4      | 1707 ||| BUYING 2 murky green potions (48 gold).
  1707 | D:4      | Bought 2 murky green potions for 48 gold pieces
  1707 | D:4      | 1707 ||| SHOPLISTING dented silver amulet (135 gold, have
                  | 116).
  1707 | D:4      | 1707 ||| BUYING jewelled glass wand (108 gold).
  1707 | D:4      | Bought a jewelled glass wand for 108 gold pieces
  1707 | D:4      | 1707 ||| SHOPLISTING scroll labelled JERPHE APPIAW (27
                  | gold, have 8).
  1707 | D:4      | 1707 ||| SHOPLISTING smoky emerald potion (24 gold, have
                  | 8).
  1725 | D:4      | Found a sacrificial altar of Ru.
  1725 | D:4      | Noticed a kobold brigand
  1726 | D:4      | 1726 ||| ZAPPING wand of mindburst (5) at 0,-4 (kobold
                  | brigand; altar_ru).
  1727 | D:4      | 1727 ||| ZAPPING wand of mindburst (4) at 0,-3 (kobold
                  | brigand; floor).
  1727 | D:4      | Killed a kobold brigand
  1728 | D:4      | Reached XP level 6. HP: 39/39 MP: 6/6
  2260 | D:4      | Reached * piety under Okawaru
  2261 | D:4      | Reached skill level 7 in Ranged Weapons
  2261 | D:4      | Reached XP level 7. HP: 40/44 MP: 7/7
  2420 | D:4      | 2420 ||| UPGRADING to +0 cloak.
  2425 | D:4      | 2425 ||| READING 2 scrolls of identify.
  2425 | D:4      | 2425 ||| IDENTIFYING lumpy emerald potion
  2426 | D:4      | 2426 ||| READING scroll of identify.
  2426 | D:4      | 2426 ||| IDENTIFYING black potion
  2427 | D:4      | 2427 ||| READING scroll labelled EPHEIR YMNO.
  2427 | D:4      | 2427 ||| ENCHANTING +1 hat.
  2428 | D:4      | 2428 ||| DRINKING 2 murky green potions.
  2434 | D:5      | Entered Level 5 of the Dungeon
  2502 | D:5      | Found a blossoming altar of Fedhas.
  2570 | D:5      | Noticed Grinder
  2571 | D:5      | 2571 ||| INVOKING Heroism.
  2580 | D:5      | Paralysed by Grinder for 2 turns
  2583 | D:5      | Killed Grinder
  2584 | D:5      | Reached skill level 3 in Dodging
  2615 | D:5      | Noticed Sigmund
  2616 | D:5      | 2616 ||| INVOKING Heroism.
  2629 | D:5      | Killed Sigmund
  2630 | D:5      | Reached XP level 8. HP: 48/48 MP: 6/9
  2748 | D:5      | 2748 ||| RETREEEEATING.
  2749 | D:5      | 2749 ||| RETREEEEATING.
  2750 | D:5      | 2750 ||| RETREEEEATING.
  2751 | D:5      | 2751 ||| RETREEEEATING.
  2755 | D:5      | 2755 ||| RETREEEEATING.
  2756 | D:5      | 2756 ||| RETREEEEATING.
  2757 | D:5      | 2757 ||| RETREEEEATING.
  2775 | D:5      | Reached skill level 3 in Invocations
  2780 | D:5      | 2780 ||| DRINKING potion of curing.
  2780 | D:5      | 2780 ||| (to cure confusion)
  2780 | D:5      | HP: 10/48 [orc priest/divine providence (16)]
  2781 | D:5      | 2781 ||| DRINKING 4 potions of heal wounds.
  2820 | D:5      | HP: 9/48 [orc warrior/+0 long sword (9)]
  2820 | D:5      | HP: 1/48 [gnoll sergeant/+0 trident (8)]
  2821 | D:5      | 2821 ||| DRINKING 3 potions of heal wounds.
  2826 | D:5      | HP: 2/48 [orc warrior/+0 long sword (13)]
  2827 | D:5      | 2827 ||| DRINKING 2 potions of heal wounds.
  2831 | D:5      | 2831 ||| DRINKING potion of heal wounds.
  2844 | D:5      | Reached skill level 8 in Ranged Weapons
  2850 | D:5      | HP: 11/48 [gnoll sergeant/+0 trident (7)]
  2857 | D:5      | HP: 9/48 [gnoll sergeant/+0 trident (6)]
  2864 | D:5      | HP: 7/48 [wight/+0 long sword (1)]
  2865 | D:5      | Slain by a gnoll sergeant

Levels and vault maps discovered:
D:1:      minmay_arrival_three_doors, layout_rooms,
          ebering_ecumenical_altar_petrified
D:2:      layout_basic, grunt_decor_cap
D:3:      layout_basic, okawaru_altar_gauntlet_db, lemuel_crystal_altar,
          grunt_ministairs_6
D:4:      layout_basic, kennysheep_little_box, serial_shops, shop
D:5:      layout_gridville, overflow_temple_1_default, serial_shops, shop,
          sword_in_stone, uniq_grinder, uniq_sigmund

Skill      XL: |  1  2  3  4  5  6  7  8 |
---------------+-------------------------+-----
Ranged Weapons | 5 6 7 8 |  8.1
Fighting       | 3 4 |  4.6
Armour         | 1 |  1.4
Dodging        | 3 |  3.3
Invocations    | 2 3 |  3.9
Stealth        | |  1.1

Action                     |  1- 3 |  4- 6 |  7- 9 || total
---------------------------+-------+-------+-------++-------
   Fire: Shortbow          |    99 |   170 |   170 ||   439
 Invoke: Heroism           |       |       |     2 ||     2
  Evoke: Wand              |       |     2 |       ||     2
    Use: Scroll            |     6 |     1 |     3 ||    10
         Potion            |       |     1 |     6 ||     7
 Armour: Leather armour    |     4 |       |       ||     4
         Troll leather arm |    16 |    44 |    98 ||   158
  Dodge: Dodged            |    34 |    70 |   137 ||   241

Table legend:
 A = Non-vault XP
 B = Vault XP
 C = Vault XP percentage of total XP
 D = Non-vault monster count
 E = Vault monster count
 F = Vault count percentage of total count
                 A         B        C        D         E       F
            +---------+---------+-------+---------+---------+-------
      Total |     908 |     728 |  44.5 |      70 |      12 |  14.6
            +---------+---------+-------+---------+---------+-------
        D:1 |      19 |       0 |   0.0 |      10 |       0 |   0.0
        D:2 |      52 |       0 |   0.0 |      15 |       0 |   0.0
        D:3 |     149 |      30 |  16.8 |      13 |       8 |  38.1
        D:4 |     471 |       0 |   0.0 |      24 |       0 |   0.0
        D:5 |     217 |     698 |  76.3 |       8 |       4 |  33.3
            +---------+---------+-------+---------+---------+-------
